 Seeded DCSS version 0.30-a0-857-gcaf70739d4 (webtiles) character file.

Game seed: 18242870539230726858 (custom seed)

3686 bmack86 the Cleaver (level 9, -3/79 HPs)
             Began as a Minotaur Fighter on Mar 6, 2023.
             Was a Priest of Okawaru.
             Slain by an orc warlord
             ... wielding a +7 battleaxe
              (11 damage)
             ... in a bailey.
             The game lasted 00:23:13 (6434 turns).

bmack86 the Cleaver (Minotaur Fighter)              Turns: 6434, Time: 00:23:14

Health: -3/79      AC: 19    Str: 26    XL:     9   Next: 90%
Magic:  5/11       EV: 10    Int:  5    God:    Okawaru [***...]
Gold:   268        SH:  6    Dex:  9    Spells: 8/8 levels left

rFire   . . .      SeeInvis .    a - +1 war axe
rCold   + . .      Faith    .    c - +0 buckler
rNeg    . . .      Spirit   .    D - +1 chain mail {Will+}
rPois   +          Reflect  .    (helmet restricted)
rElec   .          Rampage  .    G - +1 cloak
rCorr   .                        (no gloves)
Will    +....                    j - +2 pair of boots {Fly}
Stlth   +                        y - amulet of regeneration
HPRegen 1.13/turn                k - ring of poison resistance
MPRegen 0.12/turn                A - ring of Xaeril {rC+ Stlth+}

@: heroic, finesse-ful, flying
A: horns 2, retaliatory headbutt
a: Renounce Religion, Heroism


You were in a bailey.
You worshipped Okawaru.
Okawaru was most pleased with you.
You visited 1 branch of the dungeon, and saw 7 of its levels.
You also visited: Bailey.

You collected 552 gold pieces.
You spent 284 gold pieces at shops.

Inventory:

Hand Weapons
 a - a +1 war axe (weapon)
Missiles
 w - 21 boomerangs (quivered)
Armour
 b - a +0 scale mail
 c - a +0 buckler (worn)
 j - a +2 pair of boots of flying (worn)
 s - a +0 plate armour
 D - a +1 chain mail of willpower (worn)
 G - a +1 cloak (worn)
Jewellery
 k - a ring of poison resistance (left hand)
 x - a ring of flight
 y - an amulet of regeneration (around neck)
 A - the ring of Xaeril (right hand) {rC+ Stlth+}
   (You acquired it on level 6 of the Dungeon)

   [ring of protection from cold]

   rC:        It protects you from cold.
   Stlth:     It makes you more stealthy.
Scrolls
 f - a scroll of fear
 h - 3 scrolls of vulnerability
 i - a scroll of torment
 l - 2 scrolls of enchant weapon
 n - 4 scrolls of teleportation {unknown}
 q - 2 scrolls of fog {unknown}
 r - 2 scrolls of immolation {unknown}
 t - 3 scrolls of blinking {unknown}
 u - 2 scrolls of poison
 B - 2 scrolls of noise {unknown}
 E - a scroll of enchant armour {unknown}
 H - a scroll of butterflies {unknown}
Potions
 d - a potion of might
 e - 2 potions of attraction
 g - 3 potions of mutation
 m - a potion of invisibility
 o - a potion of haste
 p - 2 potions of flight
 v - a potion of magic
 z - 3 potions of curing
 C - 2 potions of lignification
 F - a potion of resistance {unknown}
 I - 2 potions of heal wounds {unknown}


   Skills:
 + Level 7.5(12.5) Fighting
 * Level 9.9(14.9) Axes
 + Level 4.3(9.3) Throwing
 + Level 7.6(12.6) Armour
 + Level 7.7(12.7) Shields
 + Level 4.4 Invocations


You had 8 spell levels left.
You didn't know any spells.
Your spell library contained the following spells:

 Spells                   Type           Power      Damage    Failure   Level
 Kiss of Death            Conj/Necr      0%         2d5       95%         1
 Magic Dart               Conj           0%         1d3       95%         1
 Lesser Beckoning         Tloc           0%         N/A       99%         2
 Confusing Touch          Hex            0%         N/A       100%        3
 Gell's Gravitas          Tloc           0%         N/A       100%        3
 Mephitic Cloud           Conj/Pois/Air  0%         N/A       100%        3
 Teleport Other           Tloc           0%         N/A       100%        3
 Dispel Undead            Necr           0%         3d6       100%        4
 Call Imp                 Summ           Unusable   N/A       N/A         2

Dungeon Overview and Level Annotations

Branches:
Dungeon (7/15)             Temple (0/1) D:6          Bailey (1/1)

Altars:
Cheibriados
Gozag
Okawaru
Ru
Wu Jian

Shops:
D:1 ((*[*   D:2 *   D:6 *


Innate Abilities, Weirdness & Mutations

You have a pair of horns on your head.
You reflexively headbutt those who attack you in melee.


Message History

There is an open translucent gate here.
You block the orc warlord's attack.
The orc warlord hits you with a +7 battleaxe!!
The orc warlord hits you with a +7 battleaxe!
You hit the orc warlord.
The orc warlord is lightly wounded.
You slash the orc warlord!
The orc warlord is lightly wounded.
You hit the orc warlord but do no damage.
The orc warlord is lightly wounded.
The orc warlord hits you but does no damage.
You hit the orc warlord.
The orc warlord is lightly wounded.
You slash the orc warlord!
You headbutt the orc warlord, but do no damage.
The orc warlord is moderately wounded.
The orc warlord hits you with a +7 battleaxe!!
* * * LOW HITPOINT WARNING * * *
You slash the orc warlord!
You headbutt the orc warlord, but do no damage.
The orc warlord is moderately wounded.
You barely miss the orc warlord. You headbutt the orc warlord!
The orc warlord is heavily wounded.
You slice the orc warlord!!
The orc warlord is heavily wounded.
The orc warlord hits you with a +7 battleaxe!
* * * LOW HITPOINT WARNING * * *
You slash the orc warlord!
The orc warlord is severely wounded.
You hit the orc warlord.
The orc warlord is severely wounded.
The orc warlord hits you but does no damage.
You hit the orc warlord. You headbutt the orc warlord.
The orc warlord is severely wounded.
You hit the orc warlord but do no damage.
The orc warlord is severely wounded.
You hit the orc warlord.
The orc warlord is severely wounded.
The orc warlord hits you with a +7 battleaxe!
You die...

#..........#~~~~~#........
#..........'.....'....8..8
#...8......#########......
##......####~~~#~~~##.....
##.....#~~#~.....[~#.....
##....#~........?~#..÷.#
#...##~8.8...8.8##....#
#...'~~.........#...†)'
#...'o@....∩....#....÷'
#...'~~........o#...†.'
#...##~8.8...8.8##....#
##....#~........?~#....#
##.....#~~#~.....[~#.....
##......####~~~#~~~##.....
#...8......#########......
#..........'..)..'....8..8
#...)......#††))~#........


You could see an orc warlord.

Vanquished Creatures
  2 orc knights (Bailey)
  Sigmund (D:2)
  A steam dragon (D:7)
  A water moccasin (D:5)
  4 black bears
  3 orc warriors (Bailey)
  An ogre (D:4)
  A sky beast (D:7)
  A centaur (D:6)
  The ghost of Newt the Shooter, an amateur KoHu (D:7)
  3 phantoms
  A kobold brigand (D:7)
  A bullfrog (D:7)
  A scorpion (D:4)
  5 killer bees (D:7)
  3 hounds
  A gnoll bouda (D:7)
  2 orc priests (D:7)
  4 iguanas
  A sleepcap (D:5)
  6 orc wizards
  14 gnolls
  8 adders
  A shadow imp (D:6)
  A white imp (D:6)
  An ufetubus (D:6)
  A worm (D:2)
  2 dart slugs
  18 orcs
  7 ball pythons
  6 endoplasms
  7 giant cockroaches
  19 goblins
  6 hobgoblins
  3 quokkas
  9 bats
  15 frilled lizards
  27 kobolds
  6 rats
195 creatures vanquished.

Vanquished Creatures (others)
  8 plants (D:1)
8 creatures vanquished.

Grand Total: 203 creatures vanquished

Notes
Turn   | Place    | Note
-------+----------+-------------------------------------------
     0 | D:1      | bmack86 the Minotaur Fighter began the quest for the Orb.
     0 | D:1      | Reached XP level 1. HP: 19/19 MP: 0/0
   244 | D:1      | Reached XP level 2. HP: 27/27 MP: 1/1
   245 | D:1      | Found Iczoal's Antique Armour Shop.
   359 | D:1      | Found Mapt's Weapon Shop.
   366 | D:1      | Reached skill level 3 in Axes
   410 | D:1      | Found Ridunu's General Store.
   435 | D:1      | Bought a scroll of identify for 20 gold pieces
   435 | D:1      | Bought a scroll of identify for 20 gold pieces
   435 | D:1      | Bought a scroll of identify for 20 gold pieces
   650 | D:1      | Found Gaux's General Store.
   725 | D:1      | Found Mazynewu's Weapon Shoppe.
   942 | D:2      | Noticed Sigmund
   949 | D:2      | Killed Sigmund
   950 | D:2      | Reached skill level 4 in Axes
   950 | D:2      | Reached XP level 3. HP: 34/34 MP: 2/2
   950 | D:2      | Reached XP level 4. HP: 41/41 MP: 3/3
   950 | D:2      | Reached XP level 5. HP: 47/47 MP: 4/4
  1170 | D:2      | Identified the +0 leather armour of Xuytoo {rF++ rN+}
  1365 | D:2      | Reached skill level 5 in Axes
  1413 | D:2      | Found Qerurash's Assorted Antiques.
  1431 | D:2      | Bought 2 sedimented yellow potions for 45 gold pieces
  1431 | D:2      | Bought a scroll labelled ARRYLA AGUOGG for 25 gold pieces
  1778 | D:2      | Reached XP level 6. HP: 46/55 MP: 5/5
  1897 | D:3      | Reached skill level 5 in Shields
  2033 | D:3      | Reached skill level 5 in Fighting
  2033 | D:3      | Reached skill level 5 in Armour
  3119 | D:4      | Found a sacrificial altar of Ru.
  3119 | D:4      | Found an iron altar of Okawaru.
  3130 | D:4      | Became a worshipper of Warmaster Okawaru
  3154 | D:4      | Reached skill level 6 in Axes
  3154 | D:4      | Reached XP level 7. HP: 7/61 MP: 6/6
  3641 | D:2      | Bought a thin malachite amulet for 125 gold pieces
  3749 | D:5      | Entered Level 5 of the Dungeon
  3891 | D:4      | Found an opulent altar of Gozag.
  4116 | D:5      | Reached skill level 1 in Throwing
  4116 | D:5      | Reached skill level 1 in Invocations
  4560 | D:5      | Identified the +0 quarterstaff "Mujap" {heavy, Will+}
  4618 | D:5      | Reached * piety under Okawaru
  4619 | D:5      | Reached skill level 7 in Axes
  4628 | D:5      | Reached XP level 8. HP: 70/70 MP: 8/8
  4947 | D:6      | Found Yffurim's Assorted Antiques.
  4950 | D:6      | Bought a scroll labelled ZUSI RYIMEBAANG for 29 gold pieces
  5122 | D:6      | Identified a scroll of acquirement
  5123 | D:6      | Acquired the ring of Xaeril {rC+ Stlth+}
  5169 | D:6      | Found a snail-covered altar of Cheibriados.
  5195 | D:6      | Found an ornate altar of the Wu Jian Council.
  5295 | D:6      | Found a staircase to the Ecumenical Temple.
  5356 | D:6      | Reached skill level 8 in Axes
  5709 | D:7      | Found a runed translucent door.
  5710 | D:7      | Noticed Newt's ghost (amateur KoHu)
  5723 | D:7      | Killed Newt's ghost
  5804 | D:7      | Reached ** piety under Okawaru
  5814 | D:7      | Reached XP level 9. HP: 25/78 MP: 8/10
  6020 | D:7      | Reached skill level 9 in Axes
  6052 | D:7      | Found a flagged portal.
  6084 | Bailey   | Entered a bailey
  6089 | Bailey   | Noticed an orc warlord
  6199 | Bailey   | Noticed an orc knight
  6212 | Bailey   | Killed an orc knight
  6212 | Bailey   | Reached *** piety under Okawaru
  6285 | Bailey   | Found a runed translucent gate.
  6298 | Bailey   | Found a runed translucent gate.
  6299 | Bailey   | Found a runed translucent gate.
  6331 | Bailey   | Noticed an orc knight
  6347 | Bailey   | Killed an orc knight
  6347 | Bailey   | Reached **** piety under Okawaru
  6434 | Bailey   | Slain by an orc warlord

Illustrated notes

Levels and vault maps discovered:
D:1:      dpeg_arrival_stone_temple_mockup, layout_basic, serial_shops, shop,
          shop_statue, shop_statue, nicolae_shop_advertising_works
          [nicolae_subvault_shop_adworks], nicolae_shop_bloodbath_and_beyond,
          minmay_lizard_king
D:2:      layout_loops_ring, serial_shops, nicolae_lakefront_shop,
          minmay_pentomino_pile, uniq_sigmund
D:3:      layout_loops_ring
D:4:      layout_cave_pods, grunt_gozag_statues,
          mainiacjoe_overflow_divided_tiny
D:5:      minmay_angry_zag, layout_gridville
D:6:      layout_basic, mainiacjoe_overflow_two_lobes,
          minmay_temple_entry_slanted, serial_shops, nicolae_stop_n_shop_2,
          hangedman_decor_growths
D:7:      layout_layer_cave, enter_bailey_3, ebering_ghost_reflecting_pool
Bailey:   bailey_axe_bossmonster_kennysheep, bailey

Skill      XL: |  1  2  3  4  5  6  7  8  9 |
---------------+----------------------------+-----
Axes           | 4 5 6 7 8 9 |  9.9
Fighting       | 4 5 6 7 |  7.5
Armour         | 4 5 6 7 |  7.6
Shields        | 4 5 6 7 |  7.7
Throwing       | 1 3 4 |  4.3
Invocations    | 1 3 4 |  4.4

Action                     |  1- 3 |  4- 6 |  7- 9 || total
---------------------------+-------+-------+-------++-------
  Melee: War axe           |    39 |   154 |   267 ||   460
         Headbutt          |     3 |    22 |    29 ||    54
  Throw: Boomerang         |       |     6 |       ||     6
 Invoke: Heroism           |       |       |     4 ||     4
         Finesse           |       |       |     1 ||     1
    Use: Scroll            |       |    10 |     7 ||    17
 Armour: Scale mail        |    27 |    45 |       ||    72
         Plate armour      |       |    63 |   127 ||   190
         Chain mail        |       |       |   165 ||   165
  Dodge: Dodged            |    25 |    59 |   147 ||   231
  Block: Buckler           |    17 |    36 |    92 ||   145

Table legend: (Time is in decaauts)
 A = Elapsed time spent in this place.
 B = Non-inter-level travel time spent in this place.
 C = Inter-level travel time spent in this place.
 D = Time resting spent in this place.
 E = Time spent auto-exploring this place.
 F = Levels seen in this place.
 G = Mean time per level.
                   A        B        C        D        E       F      G
               +--------+--------+--------+--------+--------+-----+--------+
         Total |   6511 |   6160 |    351 |    444 |   3559 |   8 |  813.9 |
       Dungeon |   6171 |   5820 |    351 |    406 |   3559 |   7 |  881.6 |
        Bailey |    339 |    339 |      0 |     38 |      0 |   1 |  339.0 |
               +--------+--------+--------+--------+--------+-----+--------+

Top non-repeatable levels by time:
     D:4: 1266 daAuts
     D:2: 1062 daAuts
     D:1: 950 daAuts
     D:5: 936 daAuts
     D:3: 811 daAuts
     D:6: 714 daAuts
     D:7: 430 daAuts
  Bailey: 339 daAuts
